 Dungeon Crawl Stone Soup version 0.20.1-1-g8b1a95d (webtiles) character file.

70 Monsterracer the Conjurer (level 4, 0/33 HPs)
             Began as a Draconian Wizard on Aug 8, 2017.
             Was an Initiate of Vehumet.
             Slain by a hobgoblin
             ... wielding a +0 club
              (4 damage)
             ... on level 3 of the Dungeon.
             The game lasted 00:05:30 (2443 turns).

Monsterracer the Conjurer (Draconian Wizard)        Turns: 2443, Time: 00:05:30

Health: 0/33       AC:  6    Str:  9    XL:     4   Next: 3%
Magic:  7/8        EV: 12    Int: 20    God:    Vehumet [......]
Gold:   147        SH:  0    Dex:  9    Spells: 2/9 levels left

rFire    . . .     SeeInvis .   a - +0 spear (curse)
rCold    . . .     Gourm    .   (no shield)
rNeg     . . .     Faith    .   (armour unavailable)
rPois    .         Spirit   .   n - +1 hat
rElec    .         Reflect  .   (no cloak)
rCorr    .         Harm     .   (no gloves)
MR       .....                  (no boots)
Stlth    ++........             (no amulet)
Regen    0.2/turn               (no ring)
MPRegen  0.2/turn               (no ring)

@: no status effects
A: unfitting armour, cold-blooded, AC +5
a: Renounce Religion


You were on level 3 of the Dungeon.
You worshipped Vehumet.
Vehumet was noncommittal.
You were hungry.

You visited 1 branch of the dungeon, and saw 3 of its levels.

You collected 147 gold pieces.

Inventory:

Hand Weapons
 a - a cursed +0 spear (weapon)
 b - a +2 dagger of venom
Armour
 n - a +1 hat (worn)
Potions
 f - 3 potions of resistance
 i - 2 potions of invisibility
 j - a potion of mutation {unknown}
 l - a potion of curing {unknown}
 o - 2 potions of heal wounds {unknown}
Books
 e - a book of Minor Magic

   Spells                             Type                      Level
   a - Magic Dart                     Conjuration                  1
   b - Blink                          Translocation                2
   c - Call Imp                       Summoning                    2
   d - Slow                           Hexes                        2
   e - Conjure Flame                  Conjuration/Fire             3
   f - Mephitic Cloud                 Conjuration/Poison/Air       3
Comestibles
 c - 2 bread rations
 g - a meat ration
 k - 2 royal jellies


   Skills:
 - Level 1.7 Dodging
 - Level 1.7 Stealth
 - Level 3.0 Spellcasting
 + Level 3.9 Conjurations
   Level 1.0 Summonings
   Level 1.0 Translocations


You had 2 spell levels left.
You knew the following spells:

 Your Spells              Type           Power        Failure   Level  Hunger
a - Magic Dart            Conj           ###.         2%          1    None
b - Conjure Flame         Conj/Fire      ##......     19%         3    ###....
c - Mephitic Cloud        Conj/Pois/Air  #.......     26%         3    ###....


Dungeon Overview and Level Annotations

Branches:
Dungeon (3/15)

Altars:
Ashenzari
Elyvilon
Hepliaklqana
Makhleb
Nemelex Xobeh
Qazlal
Trog
Uskayaw
Vehumet
Xom


Innate Abilities, Weirdness & Mutations

Your plain brown scales are hard. (AC +5)
You cannot fit into any form of body armour.
You are cold-blooded and may be slowed by cold attacks.


Message History

Huge Dmg: -54%(-18hp) hp: 31%(10hp)
Casting: Conjure Flame
Confirm with . or Enter, or press ? or * to list all spells.
Aiming: Magic Dart
Press: ? - help, Shift-Dir - straight line, f - jelly
Aim: a jelly (lightly wounded)
The magic dart hits the jelly.
The jelly is lightly wounded.
The jelly hits you.
* * * LOW HITPOINT WARNING * * *
You are splashed with acid!
The acid burns!
* * * LOW HITPOINT WARNING * * *
Huge Dmg: -27%(-9hp) hp: 4%(1hp)
Your magical contamination has completely faded away.
The jelly hits you but does no damage.
A frilled lizard and a hobgoblin come into view.
The orc sings a few bars from the Orcish anthem.
The frilled lizard hisses angrily.
The hobgoblin hits you with a club.
You die...

*,,**,,*,* ******,*
*,,,,....# *,*
**,**#.#.# **+** *,*
#.#.# **,,,**
*,**#.#.# **,,,,,**
*,,,....# **,,,,,,,**
***##...####.........#
##.gl....+.........+
#..@.....#.........*
#J##..##.#*.......**
#.#......#**.....**
#o#.#.#..# **...**
#.#...#..# *#'#*
#.#[.##..# #.#
#.#......# #.#
#.##.###.# ##.##
#........# ##...##


You could see a jelly, a hobgoblin and a frilled lizard.

Vanquished Creatures
  An ooze (D:2)
  3 dart slugs
  A worm (D:2)
  A leopard gecko (D:3)
  2 ball pythons
  8 bats
  A giant cockroach (D:2)
  7 goblins
  6 hobgoblins
  4 jackals (D:2)
  A quokka (D:3)
  11 frilled lizards
  3 kobolds
  6 rats
55 creatures vanquished.

Vanquished Creatures (others)
  A ball python (D:3)
1 creature vanquished.

Grand Total: 56 creatures vanquished

Notes
Turn   | Place    | Note
-------+----------+-------------------------------------------
     0 | D:1      | Monsterracer the Draconian Wizard began the quest for the Orb.
     0 | D:1      | Reached XP level 1. HP: 14/14 MP: 4/4
   458 | D:1      | Reached XP level 2. HP: 20/20 MP: 4/6
  1238 | D:2      | Reached XP level 3. HP: 26/26 MP: 5/7
  1243 | D:2      | Learned a level 3 spell: Conjure Flame
  1247 | D:2      | Learned a level 3 spell: Mephitic Cloud
  1364 | D:2      | Found a hide-covered altar of Uskayaw.
  1873 | D:3      | Found a hazy altar of Hepliaklqana.
  2351 | D:3      | Found a white marble altar of Elyvilon.
  2354 | D:3      | Found a radiant altar of Vehumet.
  2356 | D:3      | Reached XP level 4. HP: 33/33 MP: 5/8
  2360 | D:3      | Found a shimmering altar of Xom.
  2360 | D:3      | Found a sparkling altar of Nemelex Xobeh.
  2360 | D:3      | Found a stormy altar of Qazlal.
  2360 | D:3      | Found a shattered altar of Ashenzari.
  2363 | D:3      | Found a burning altar of Makhleb.
  2364 | D:3      | Found a bloodstained altar of Trog.
  2374 | D:3      | Became a worshipper of Vehumet
  2419 | D:3      | HP: 10/33 [acid (10)]
  2424 | D:3      | HP: 9/33 [jelly (1)]
  2424 | D:3      | HP: 1/33 [acid (8)]
  2443 | D:3      | Slain by a hobgoblin

Skill      XL: |  1  2 |
---------------+-------+-----
Conjurations   | 2 3 |  3.9
Dodging        | |  1.7
Stealth        | |  1.7
Spellcasting   | |  3.0
Summonings     | |  1.0
Translocations | |  1.0

Action                   |  1- 3 |  4- 6 || total
-------------------------+-------+-------++-------
Melee: Spear             |    69 |     7 ||    76
       Tailslap          |     2 |       ||     2
 Cast: Magic Dart        |    99 |     2 ||   101
  Use: Scroll            |     4 |     5 ||     9
 Stab: Sleeping          |     1 |       ||     1
  Eat: Chunk             |     4 |       ||     4
Armor: Skin              |    32 |     2 ||    34
Dodge: Dodged            |    52 |     8 ||    60
